[Event "Portuguese Rapid-ch 2022"]
[Site "Viseu"]
[Date "2022.06.10"]
[Round "3.7"]
[White "Avramescu, Paul-Mihai"]
[Black "Ferreira, Luis Pedro"]
[Result "0-1"]
[ECO "A46"]
[WhiteElo "2008"]
[BlackElo "2183"]
[Annotator "TA"]
[PlyCount "89"]
[EventDate "2022.06.09"]
[EventType "rapid"]
[EventCountry "POR"]
[SourceTitle "playchess.com"]
[Source "ChessBase"]
[SourceQuality "1"]
[TimeControl "600+5"]

1. d4 Nf6 2. Nf3 e6 3. Bg5 b6 4. e3 Bb7 5. Bd3 c5 6. c3 Be7 7. O-O O-O 8. Nbd2 d5 9. Qe2 Nbd7 10. Ba6 {[%emt 0:00:03] D03: 1 d4 d5 2 Nf3 Nf6 3 Bg5, including Torre Attack with early ...d5.} Bxa6 11. Qxa6 Qc8 12. Qxc8 Raxc8 {[%emt 0:00:01] [#]} 13. h3 $146 ({Predecessor:} 13. Ne5 Rfe8 14. f4 h6 15. Bxf6 Nxf6 16. g4 Bd6 17. h3 Bxe5 18. fxe5 Nd7 19. Rad1 {½-½ (38) Bien,S (2056)-Krenzel,J (1991) Nordrheinwestfalen 2018}) 13... cxd4 14. exd4 Bd6 15. a4 Rc6 16. Rfe1 h6 17. Bxf6 Nxf6 18. Ne5 Rc7 19. f3 Rb8 20. Nb1 b5 (20... a6 $15) 21. axb5 $11 Rxb5 22. b4 Nd7 23. Nxd7 Rxd7 24. Kf2 Rc7 (24... a5 $142 25. Na3 (25. Rxa5 Rxa5 26. bxa5 Ra7 $15) 25... Rb8 26. bxa5 Ra7) 25. Ra6 Rb6 26. Ra2 f6 27. Ra5 Kf7 28. g3 h5 29. f4 (29. Re2 $11) 29... h4 $1 $15 30. Kf3 {[%emt 0:00:58] White is on the road to losing.} (30. gxh4 $15 Bxf4 31. Kf3) 30... hxg3 {[%emt 0:00:04][%cal Ob6b4] aiming for ...Rxb4!} 31. h4 $2 {[%emt 0:00:22] [#]} (31. Ra2 $17 {keeps fighting.}) 31... Rxb4 $1 $19 ({Worse is} 31... g2 32. Rg1 $17) 32. cxb4 (32. Ra6 $142 Rb6 33. Rxb6 axb6 34. Kxg3) 32... Bxb4 33. Rxa7 Rxa7 {[%emt 0:00:03][%mdl 4096] Endgame KRB-KRN} 34. Re2 Bd6 35. h5 Ra4 36. Ke3 (36. Kxg3 $142 Rxd4 37. Rf2) 36... e5 37. fxe5 fxe5 38. dxe5 Re4+ 39. Kf3 Rxe2 40. Kxe2 Bxe5 {[%emt 0:00:01] KB-KN} 41. Kf3 Ke6 42. Nd2 Kf5 43. Nf1 Bf4 44. Nd2 Be5 $2 {[#]} (44... Bxd2 {mates} 45. Kxg3 d4 46. Kf2 d3 47. Kf3 Ke5 48. Kg4 Ke4 49. Kg3 Bg5 50. Kf2 Bh4+ 51. Kg2 d2 52. h6 d1=Q 53. hxg7 Qf3+ 54. Kh2 Qf2+ 55. Kh1 Bg3 56. g8=Q Qh2#) 45. Nb3 $2 {[%mdl 8192] Weighted Error Value: White=0.54/Black=0.11 (very precise)} (45. Nf1 $11 Bf4 46. Kg2 Kg4 47. h6 gxh6 48. Kh1 d4 49. Kg2 h5 50. Kg1 Kf3 51. Nh2+ gxh2+ 52. Kh1 Ke3 53. Kg2 d3 54. Kh1 d2 55. Kg2 d1=Q 56. Kh3 h1=Q#) 0-1

[Event "Portuguese Rapid-ch 2022"]
[Site "Viseu"]
[Date "2022.06.10"]
[Round "3.8"]
[White "Rego, Pedro Filipe"]
[Black "Goncalves, Ruan Lucas Alves"]
[Result "1/2-1/2"]
[ECO "D46"]
[WhiteElo "2251"]
[BlackElo "1980"]
[Annotator "TA"]
[PlyCount "110"]
[EventDate "2022.06.09"]
[EventType "rapid"]
[EventCountry "POR"]
[SourceTitle "playchess.com"]
[Source "ChessBase"]
[SourceQuality "1"]
[TimeControl "600+5"]

1. d4 d5 2. c4 c6 3. Nc3 Nf6 4. e3 e6 5. Nf3 Nbd7 6. Bd3 Be7 7. b3 {[%emt 0:00:11] D46: Semi-Slav: 5 e3 Nbd7 6 Bd3, Black avoids the Meran.} b6 8. Bb2 Bb7 9. Rc1 {[%emt 0:00:03] White is slightly better.} Rc8 10. O-O O-O 11. cxd5 exd5 12. Qe2 (12. Ne5 {seems wilder.} Re8 13. f4 Bb4 14. Qf3) 12... Re8 {[%emt 0:00:09] [#]} 13. h3 $146 ({Predecessor:} 13. Ne5 Bb4 14. f4 Bxc3 15. Rxc3 Ne4 16. Bxe4 dxe4 17. Rc2 Nf6 18. Rfc1 Nd5 19. Nxc6 Bxc6 20. Rxc6 {1-0 (48) Dominguez Pons,E (2381)-Sama Salinas,H (2290) Barcelona 2019}) 13... Nf8 14. Ba6 Qc7 15. Bxb7 Qxb7 16. Qd3 Bd6 17. Ne2 Ng6 18. Rc2 Qd7 19. Bc1 Ne4 20. Nf4 Nxf4 21. exf4 Qf5 22. Ne5 Bxe5 23. fxe5 {[%emt 0:00:07] g4 is the strong threat.} c5 (23... h5 $14) 24. dxc5 (24. g4 $1 $18 Qg6 25. f3) 24... bxc5 25. Qxd5 Rxe5 26. Qc4 Nd6 27. Qc3 Nb5 28. Qd2 (28. Qc4 $11 {and White stays safe.}) 28... Nd4 $2 (28... Rd5 $19 29. Qa5 Qxc2 30. Qxb5 Rd1 31. Rxd1 Qxd1+ 32. Qf1 Qxf1+ 33. Kxf1 c4) 29. Rc4 $2 {[%emt 0:00:31] [#]} (29. Bb2 $17 {is a better defense.} Re2 30. Qxe2 Nxe2+ 31. Rxe2) 29... Rd8 $2 ({Better is} 29... Nf3+ $1 $19 30. gxf3 Qxh3) 30. Kh1 Rd7 (30... h6 $5 ) 31. Qf4 {[%emt 0:00:15] [#]} (31. Qc3 $11 {keeps the balance.}) 31... Qxf4 $2 (31... Qd3 $1 $17 32. Kh2 (32. Qxe5 $2 {loses.} Qxf1+ 33. Kh2 Nf3+ 34. Kg3 Nxe5 $19) 32... Qxf1 33. Rxd4 (33. Qxe5 $2 {is the wrong capture.} Nf3+ 34. Kg3 Nxe5 $19) 33... cxd4 34. Qxe5 Rd8) 32. Bxf4 $16 Re2 (32... Red5 $14) 33. Rxc5 {[%emt 0:00:25] White threatens Rc8+ and mate.} h6 34. Be3 (34. Rd1 $16) 34... Nc2 $1 $14 (34... Rxa2 $2 35. Rd1 $18) 35. Rc3 ({White should play} 35. Rc8+ $14 Kh7 36. Bc5) 35... Nxe3 $11 36. Rxe3 Rxe3 37. fxe3 {[%emt 0:00:01][%mdl 4096] Endgame KR-KR} Rd2 $1 38. a4 Rd3 39. Rb1 Rxe3 40. Rb2 Kf8 41. Kg1 Ke7 42. Kf2 Rc3 43. b4 Kd6 44. b5 Ra3 45. Rb4 Kc5 46. Rf4 f6 47. h4 Rc3 48. Rg4 g5 {[%emt 0:00:02] Strongly threatening ...f5.} 49. hxg5 hxg5 {[%emt 0:00:01] And now ...Rc4 would win.} (49... fxg5 $5 50. Re4 Rc4 51. Re5+ Kd6 $15) 50. Re4 {[%emt 0:00:13] The position is equal.} Rc4 51. Re6 Rxa4 52. Rxf6 Rf4+ 53. Rxf4 gxf4 54. Kf3 Kxb5 {[%emt 0:00:01] ( -> ...a5)} 55. Kxf4 a5 {[%emt 0:00:04] Weighted Error Value: White=0.36/Black=0.29 (precise)} 1/2-1/2

[Event "Portuguese Rapid-ch 2022"]
[Site "Viseu"]
[Date "2022.06.10"]
[Round "4.1"]
[White "Ferreira, Luis Pedro"]
[Black "Ferreira, Jorge Viterbo"]
[Result "1/2-1/2"]
[ECO "C49"]
[WhiteElo "2183"]
[BlackElo "2512"]
[Annotator "TA"]
[PlyCount "31"]
[EventDate "2022.06.09"]
[EventType "rapid"]
[EventCountry "POR"]
[SourceTitle "playchess.com"]
[Source "ChessBase"]
[SourceQuality "1"]
[TimeControl "600+5"]

1. e4 e5 2. Nf3 Nc6 3. Nc3 Nf6 4. Bb5 Bb4 5. O-O O-O 6. Bxc6 dxc6 7. d3 Nd7 {C49: Four Knights: 4 Bb5 Bb4.} 8. Ne2 Re8 9. Ng3 Nf8 {[#]} 10. c3 $146 ({Predecessor:} 10. Kh1 Bd6 11. Bg5 f6 12. Be3 c5 13. Ng1 Ne6 14. N1e2 Nd4 15. b3 Be6 16. f4 {1-0 (39) Kovalenko,I (2647)-Stevic,H (2570) Zagreb 2021}) 10... Bd6 11. Re1 c5 12. d4 cxd4 13. cxd4 exd4 14. Nxd4 Ne6 15. Be3 Be5 16. Nxe6 {An uneventful encounter.  Weighted Error Value: White=0.07 (flawless) /Black=0.04 (flawless)} 1/2-1/2

[Event "Portuguese Rapid-ch 2022"]
[Site "Viseu"]
[Date "2022.06.10"]
[Round "4.2"]
[White "Sousa, Andre Ventura"]
[Black "Santos, Jose Guilherme B Lim"]
[Result "1-0"]
[ECO "D37"]
[WhiteElo "2420"]
[BlackElo "2365"]
[Annotator "TA"]
[PlyCount "43"]
[EventDate "2022.06.09"]
[EventType "rapid"]
[EventCountry "POR"]
[SourceTitle "playchess.com"]
[Source "ChessBase"]
[SourceQuality "1"]
[TimeControl "600+5"]

1. d4 Nf6 2. c4 e6 3. Nf3 d5 4. Nc3 dxc4 5. e4 Bb4 6. Bxc4 {D24: Queen's Gambit Accepted: 3 Nf3 Nf6 4 Nc3.} (6. Bg5 {looks sharper.} c5 7. Bxc4 cxd4 8. Nxd4 Qa5 9. Bxf6 Bxc3+ 10. Kf1) 6... Nxe4 7. O-O Nxc3 8. bxc3 {The position is equal.} (8. Qb3 Nd5 9. Bxd5 Qxd5 $17) 8... Be7 9. Bf4 O-O 10. Re1 Nc6 {[#]} 11. Qd3 $146 ({Predecessor:} 11. h4 Bd6 12. Bd2 Re8 13. a4 h6 14. a5 Bd7 15. Bd3 e5 16. d5 Nb8 17. Qb1 {0-1 (41) Boensch,U (2553)-Kraemer,M (2578) Germany 2019}) 11... Bf6 12. Qe4 Bd7 13. Bd3 g6 14. h4 Na5 (14... Ne7 $11) 15. Bg5 Bc6 16. Qf4 $36 {[%mdl 2048] White has good play.} Bxg5 17. Nxg5 Qd6 18. Re5 {[%cal Og5h7] Threatens to win with Nxh7!} Bd5 $2 {[%mdl 8192] [#]} (18... f6 $15 {stays ahead.} 19. Nxh7 fxe5) 19. h5 $2 ({Only move:} 19. Nxh7 $1 $18 {[%mdl 512] Hoping for Nf6+.} f5 (19... Kxh7 20. Qf6) 20. Qh6) 19... Nc6 $2 {[#]} (19... f6 $11 20. hxg6 hxg6) 20. Nxh7 $2 Qe7 $2 (20... Nxe5 21. dxe5 Qd8 22. Qh6 $18) (20... Kxh7 $17 21. hxg6+ Kg7 22. gxf7 Rxf7 23. Rg5+ Kf8) 21. Qg3 $4 g5 $4 22. Qh4 $4 {[%mdl 40960] Weighted Error Value: White=1.32/Black=0.76. Loss on time!?} (22. Rxg5+ $18 Kh8 23. Nxf8 Qxf8 24. c4) 1-0

[Event "Portuguese Rapid-ch 2022"]
[Site "Viseu"]
[Date "2022.06.10"]
[Round "4.3"]
[White "Fernandes, Antonio"]
[Black "Martins, Bruno Andre Leite"]
[Result "0-1"]
[ECO "A04"]
[WhiteElo "2314"]
[BlackElo "2327"]
[Annotator "TA"]
[PlyCount "177"]
[EventDate "2022.06.09"]
[EventType "rapid"]
[EventCountry "POR"]
[SourceTitle "playchess.com"]
[Source "ChessBase"]
[SourceQuality "1"]
[TimeControl "600+5"]

1. Nf3 c5 2. g3 d6 3. d4 cxd4 4. Nxd4 e5 5. Nb3 Nc6 6. Bg2 {[%emt 0:00:03] A04: Unusual lines after 1 Nf3 and King's Indian Attack.} Be6 7. Nc3 {[%emt 0:00:31] Inhibits d5.} Nf6 8. Bg5 {[%emt 0:00:16] The position is equal.} Be7 9. O-O O-O 10. Bxf6 Bxf6 11. Nd5 {[%emt 0:00:01] [#]} Rc8 $146 ({Predecessor:} 11... Bg5 12. a4 Qd7 13. a5 Rac8 14. c3 Bh3 15. Qd3 Bxg2 16. Kxg2 f5 17. f4 exf4 18. gxf4 {½-½ (47) Vandenbergen,N (2142)-Meertens,M (2160) Nordrheinwestfalen 2018}) 12. c3 Re8 (12... Bg5 $11) 13. Qd2 (13. Nxf6+ $14 gxf6 14. Qd3) 13... Be7 14. Rfd1 Bf8 15. c4 g6 16. Rac1 b6 17. Na1 Nd4 18. e3 Bh6 19. Qe1 Nc6 20. Nc2 f5 21. Ncb4 {[%emt 0:00:05] Pair of Knights!} Nb8 22. Nd3 (22. Nc3 $5 ) 22... Nd7 23. Qb4 e4 {[%emt 0:00:09] Strongly threatening ...Bxd5.} 24. N3f4 Ne5 25. Nxe6 Rxe6 26. Rc2 (26. Qa4 $14) 26... Bf8 27. b3 Qd7 28. Qa3 Qg7 29. Qb2 h5 30. Rcd2 h4 31. Nf4 Rf6 32. Qd4 hxg3 33. hxg3 Qf7 34. Qd5 Bh6 35. Qxf7+ Rxf7 36. Rxd6 Kh7 (36... Bf8 $142) 37. Re6 $16 Bxf4 38. gxf4 Nd3 39. Bf1 Nc5 40. Red6 Rcc7 41. Be2 Kg7 42. Kg2 Rfd7 43. f3 Rxd6 44. Rxd6 {[%emt 0:00:00][%mdl 4096] Endgame KRB-KRN} Kf7 45. Kg3 Re7 46. Kf2 Re8 47. Rd4 ({White should play} 47. b4 $18 exf3 48. Kxf3 (48. bxc5 fxe2 49. Rd7+ Ke6 $16)) 47... Rh8 48. Kg2 {[%emt 0:00:04] Inhibits Rh2+.} Ke7 49. Rd1 a5 50. fxe4 Nxe4 51. Bf3 {[%emt 0:00:00] Hoping for Bxe4.} Nc5 52. Rd5 Ke6 (52... Rb8 $142 53. Kg3 Rh8) 53. a3 $1 Rc8 54. b4 axb4 55. axb4 Na6 (55... Nd7 $16) 56. Rb5 $2 (56. Re5+ $18 Kf6 57. Bb7 Rxc4 58. Bxa6 Rxb4 59. Rb5) 56... Rb8 57. Kg3 Kd6 $2 (57... Nc7 $16) 58. Kh4 $18 Nc7 $2 {[%emt 0:00:01] [#]} (58... Rh8+ 59. Kg5 Kc7 60. Kxg6 Rh3) 59. Re5 $2 (59. Rxb6+ $3 Rxb6 60. c5+ Kd7 61. cxb6) 59... Rh8+ $2 (59... Ne6 {was worth a try.} 60. c5+ bxc5) 60. Kg5 Rh3 61. Bb7 Rg3+ 62. Kf6 Rg1 (62... Kd7 $142 63. Kf7 Kd8) 63. c5+ bxc5 64. bxc5+ Kd7 65. Re7+ Kd8 66. Bc6 {[%emt 0:00:09] aiming for Rd7+.} Rd1 {[%emt 0:00:19] Inhibits Rd7+.} (66... Na6 $142 67. Re5 Rg3) 67. Rg7 {[%emt 0:00:05] Threatens to win with Rg8+.} Nd5+ (67... Na6 $142 68. Rxg6 Re1) 68. Bxd5 Rxd5 {[%emt 0:00:01] KR-KR} 69. c6 Rd6+ 70. Kg5 {[%emt 0:00:01] White threatens Rd7+ and mate.} Re6 71. Rxg6 {[%emt 0:00:15] White mates.} Rxe3 72. Kxf5 Ke7 73. c7 Rc3 74. Rg7+ Kd6 75. Kf6 Rc1 76. f5 Rc5 77. Rh7 Rc6 78. Kg5 Rc1 79. Kg6 Rg1+ 80. Kf6 Rc1 81. Re7 Rc5 82. Re1 Kxc7 83. Kg6 Kd7 84. f6 Rc2 85. f7 Rg2+ 86. Kh7 Rf2 87. Kg7 Rg2+ {[%emt 0:00:02] [#]} 88. Kf8 $1 Ra2 89. Rg1 {[%emt 0:00:11][%mdl 32768] Weighted Error Value: White=0.36/Black=0.28 (precise) . Loss on time!?} 0-1

[Event "Portuguese Rapid-ch 2022"]
[Site "Viseu"]
[Date "2022.06.10"]
[Round "4.4"]
[White "Rego, Pedro Filipe"]
[Black "Santos, Antonio P"]
[Result "1-0"]
[ECO "A45"]
[WhiteElo "2251"]
[BlackElo "2182"]
[Annotator "TA"]
[PlyCount "93"]
[EventDate "2022.06.09"]
[EventType "rapid"]
[EventCountry "POR"]
[SourceTitle "playchess.com"]
[Source "ChessBase"]
[SourceQuality "1"]
[TimeControl "600+5"]

1. d4 Nf6 2. Bf4 d5 3. e3 c5 4. c3 Nc6 5. Nd2 e6 6. Ngf3 Bd6 7. Bg3 O-O 8. Bd3 Re8 9. Ne5 Qc7 10. f4 {D02: 1 d4 d5 2 Nf3 sidelines, including 2...Nf6 3 g3 and 2...Nf6 3 Bf4.} cxd4 11. exd4 Bd7 {[#]} (11... Rf8 $14) 12. Bh4 $146 {White is better.} ({Predecessor:} 12. O-O Rab8 13. Bh4 Be7 14. Bxf6 Bxf6 15. Bxh7+ Kf8 16. Bd3 Ke7 17. Ndf3 Rh8 18. Qd2 {½-½ (26) Sorensen,B (1691)-Christensen,V (1886) Helsingor 2018}) 12... Be7 (12... Ne4 $16 {might work better.}) 13. Qf3 (13. Bxf6 $18 {has better winning chances.} Bxf6 14. Bxh7+ $1 (14. Qh5 g6 $11) 14... Kxh7 15. Qh5+ Kg8 16. Qxf7+ Kh7 17. Qh5+ (17. Nxd7 Qxf4 18. O-O-O Bg5 $16) 17... Kg8 18. Qf7+ Kh7 19. Qg6+ (19. Nxd7 Qxf4 20. O-O-O Bg5 $16) 19... Kg8 20. Qf7+) 13... Rad8 (13... g6 $142) 14. Bf2 (14. O-O $142) 14... b5 15. a3 (15. O-O $16) 15... a5 16. g4 b4 17. axb4 axb4 18. g5 (18. O-O $5 ) 18... bxc3 19. bxc3 Nxe5 20. fxe5 Ne4 21. Nxe4 (21. Bxe4 dxe4 22. Nxe4 Bc6 $17) 21... dxe4 22. Qxe4 (22. Bxe4 $11 {remains equal.} Bxg5 23. O-O) 22... Qxc3+ $17 23. Ke2 g6 {aiming for ...Bc6.} (23... Bxg5 24. Qxh7+ (24. Be3 $2 Qb2+ 25. Kf3 Bc6 $19) 24... Kf8 25. Rhc1 Qd2+ 26. Kf1 $16) 24. Rac1 Qa5 (24... Qb2+ $17 25. Rc2 Qa3) 25. Be3 {[#] Active counter play!} (25. Ra1 $11 Qc3 26. Rac1) 25... Bb5 ({Better is} 25... Rb8 $1 $17 {White must now prevent ...Rb2+.} 26. Ra1 Qc3) 26. Rhd1 Bxd3+ (26... Qa2+ {feels hotter.} 27. Kf1 Bxd3+ 28. Rxd3 Qxh2 29. Qg2 Qxg2+ 30. Kxg2 Rb8) 27. Rxd3 Qd5 (27... Rb8 {is more complex.} 28. Kf3 Rb2 29. Kg3 Bb4) 28. Qxd5 Rxd5 29. Rc7 Kf8 30. Rb3 Bd8 31. Ra7 Re7 32. Ra8 Red7 33. h4 Kg7 34. Rbb8 {Hoping for Bd2.} Kf8 $1 35. Rc8 Ke7 36. Kf3 Ke8 37. Ke4 Kf8 38. Bf2 Ke7 39. Be3 Kf8 40. Ra4 Kg7 41. Bd2 ({Don't do} 41. Raa8 Kf8 $14) 41... Kg8 $2 (41... Bb6 $11 42. Be3 Rd8) 42. Bc3 $2 ({White should play} 42. Kf3 $18) 42... Kg7 $11 43. Raa8 {Strongly threatening Rcb8.} h6 $2 {[%mdl 8192] [#]} (43... Rc7 $11) 44. Kf4 $2 (44. Rcb8 $1 $18) 44... hxg5+ 45. hxg5 {And now Ba1 would win.} Kh7 $2 (45... Rc7 $1 $11 {and Black is okay.}) 46. Ke4 (46. Rcb8 $18) 46... Kg7 (46... Bxg5 $2 {leads to mate.} 47. Rh8+ Kg7 48. Rag8#) (46... Rc7 $16 {was necessary.}) 47. Kf3 $2 {[%mdl 32768] Weighted Error Value: White=0.43/Black=0.54. Sensor Board Error (Ke4/e5)?} ({And not} 47. Kf4 Rc7 $11) (47. Rcb8 $18) 1-0

[Event "Portuguese Rapid-ch 2022"]
[Site "Viseu"]
[Date "2022.06.10"]
[Round "4.5"]
[White "Goncalves, Ruan Lucas Alves"]
[Black "Veiga, Jose Francisco R P N"]
[Result "0-1"]
[ECO "C54"]
[WhiteElo "1980"]
[BlackElo "2377"]
[Annotator "TA"]
[PlyCount "94"]
[EventDate "2022.06.09"]
[EventType "rapid"]
[EventCountry "POR"]
[SourceTitle "playchess.com"]
[Source "ChessBase"]
[SourceQuality "1"]
[TimeControl "600+5"]

1. e4 e5 2. Nf3 Nc6 3. Bc4 Bc5 4. c3 Nf6 5. O-O Nxe4 6. d4 exd4 7. cxd4 Bb6 (7... d5 $11) 8. Re1 {8.Re1 scores better than 8.d5. C56: Two Knights: 4 d4 exd4 5 0-0 Nxe4.} (8. d5 $1 $14 Ne7 9. Qe2) 8... d5 {[#]} (8... O-O $1 $11) 9. Bxd5 $1 $16 Qxd5 10. Nc3 {White is better.} Qh5 11. Rxe4+ $18 Be6 12. d5 (12. Bg5 $1 $18 {is the precise move to win.}) 12... O-O-O $16 {[%cal Re6d5] [#]} 13. Bg5 $146 ({Predecessor:} 13. Qb3 Bxd5 14. Nxd5 Qxd5 15. Qxd5 Rxd5 16. Bf4 Rhd8 17. g4 f6 18. g5 Nd4 19. Nxd4 Rxd4 {0-1 (51) Rodrigues Mota,R (2027)-Bures,V (2119) Chess.com INT 2021}) 13... Rd7 (13... f6 $16) 14. Qb3 Na5 {[#]} 15. dxe6 $1 Nxb3 16. exd7+ Kxd7 17. axb3 f6 18. Bf4 Re8 19. Rd1+ Kc8 {Hoping for ...Rxe4.} 20. Rxe8+ Qxe8 21. Nd5 Qe4 22. Ne5 $2 Bd4 $1 $17 (22... Bxf2+ $2 23. Kxf2 b6 24. Nc6 $18) 23. Ne7+ Kb8 {Chess con chili.} 24. Nf3 {[%cal Od1e1] [#]} Qxf4 $2 (24... Qc2 $1 $17 {stays on course.} 25. Rc1 (25. Rf1 Bxb2) 25... Qxf2+ 26. Kh1 Be5) 25. Nxd4 $16 a5 (25... Qe4 $16 {was called for.}) 26. g3 (26. Nb5 $18 b6 27. Nc6+ Kb7 28. Nd8+ Kb8 29. Nc6+ (29. Ne6 Qg4 $14) 29... Kb7 30. Nd8+ Kb8 31. Nd4 (31. Ne6 Qg4 $14)) 26... Qe4 27. Nef5 g6 {[#]} 28. Nb5 $1 Qe8 {Prevents Rd8+.} 29. Nfd4 c6 $2 {[#]} (29... h5 $16) 30. Nd6 $2 (30. Ne6 $1 $18 ) 30... Qg8 (30... Qd7 $14 31. Ne4 f5) 31. Nc4 a4 (31... Qd5 $16) 32. Nb6 $18 axb3 33. Nd7+ Kc7 (33... Kc8 $142) 34. Nxf6 Qc4 35. Ne8+ $2 ({Don't blunder} 35. Nxh7 $2 c5 36. Nxb3 (36. Nf3 $2 Qe2 $19) 36... Qxb3 $19) ({White should try} 35. Ne4 $18) 35... Kb6 {[#]} (35... Kb8 $1 $11 {keeps the balance.}) 36. Nd6 $2 (36. f3 $1 $16 {is necessary to keep the advantage.}) 36... Qd5 $19 {[%mdl 1024] Black has strong compensation.} 37. Nc8+ Kc7 38. Ne7 (38. Na7 $142 Qc4 39. f4) 38... Qe5 39. Ng8 Kb6 40. Nh6 Qg5 {Prevents Ng4.} 41. Nf7 Qf6 42. Nh6 {aiming for Ng4.} Qg5 {Prevents Ng4.} 43. Nf7 Qd5 44. Nh6 {And now Ng4 would win.} c5 45. Ng4 {Threatens to win with Ne3.} cxd4 46. Rd3 (46. Ne3 $142 Qe4 47. Nf1) 46... Kc5 47. Nf6 Qf5 {[%csl LRd3,LRf6] Weighted Error Value: White=0.84/Black=0.60} 0-1

[Event "Portuguese Rapid-ch 2022"]
[Site "Viseu"]
[Date "2022.06.10"]
[Round "4.6"]
[White "Padeiro, Jose"]
[Black "Gomes, Jose Luis"]
[Result "1-0"]
[ECO "B01"]
[WhiteElo "2207"]
[BlackElo "1741"]
[Annotator "TA"]
[PlyCount "43"]
[EventDate "2022.06.09"]
[EventType "rapid"]
[EventCountry "POR"]
[SourceTitle "playchess.com"]
[Source "ChessBase"]
[SourceQuality "1"]
[TimeControl "600+5"]

1. e4 d5 2. exd5 Qxd5 3. Nc3 Qd8 4. Nf3 Bg4 5. h3 Bh5 ({Black should play} 5... Bxf3 $14 6. Qxf3 c6) 6. Bc4 {[%emt 0:00:21] White is more active. B01: Scandinavian Defence.} ({Better is} 6. g4 $1 $16 Bg6 7. h4) 6... Nf6 $11 7. d3 e6 8. Qe2 {[%emt 0:00:15] [#] The position is equal.} Bd6 $146 ({Predecessor:} 8... Nc6 9. Bb5 Bb4 10. g4 Bg6 11. Ne5 Qd5 12. Bxc6+ bxc6 13. f3 Nd7 14. Nxd7 Qxd7 {1-0 (26) Huba,M-Feher,M Slovakia 1998}) 9. Bd2 O-O 10. O-O-O (10. g4 $5 Bg6 11. Ne4 $11) 10... Nc6 11. g4 Bg6 12. Rdg1 Na5 {[%emt 0:00:09] [#]} (12... Qe7 $14) 13. h4 $1 $36 {[%emt 0:01:17][%mdl 2048] h5 is the strong threat. White is really pushing.} Nxc4 14. dxc4 h5 15. gxh5 Bxh5 {[%emt 0:00:16] [#]} (15... Nxh5 $16 16. Kb1 Qe8) 16. Rg5 $1 $18 {[%emt 0:00:08] Threatens to win with Rhg1.} Re8 17. Rhg1 g6 (17... Bg6 {keeps fighting.} 18. h5 Nxh5) 18. Ne4 Nxe4 19. Qxe4 {[%emt 0:00:02] Strongly threatening Rxh5.} f5 20. Qe3 {[%emt 0:00:15] aiming for Rxh5.} Kh7 {[%emt 0:00:34] [#]} 21. Rxh5+ $1 Kg7 22. Qh6+ {[%emt 0:00:11] Weighted Error Value: White=0.12 (very precise) /Black=0.94} 1-0

[Event "Portuguese Rapid-ch 2022"]
[Site "Viseu"]
[Date "2022.06.10"]
[Round "4.7"]
[White "Batista, Sandro Manuel Almeid"]
[Black "Silva, Miguel Antonio Neto"]
[Result "0-1"]
[ECO "B20"]
[WhiteElo "1682"]
[BlackElo "2215"]
[Annotator "TA"]
[PlyCount "72"]
[EventDate "2022.06.09"]
[EventType "rapid"]
[EventCountry "POR"]
[SourceTitle "playchess.com"]
[Source "ChessBase"]
[SourceQuality "1"]
[TimeControl "600+5"]

1. e4 c5 2. Be2 Nc6 3. d3 g6 4. f4 Bg7 5. Nf3 d6 6. O-O Nf6 {[%emt 0:00:06] B21: Sicilian: 2 f4 and Morra Gambit.} 7. Qe1 c4 {[%emt 0:00:26] [#]} 8. Be3 $146 (8. Nc3 $142) ({Predecessor:} 8. Kh1 O-O 9. Qh4 Nb4 10. Na3 cxd3 11. cxd3 Nc6 12. f5 gxf5 13. Bh6 Bxh6 14. Qxh6 {1-0 (31) Stevic,H (2607)-Horvath,C (2529) Sibenik 2010}) 8... Ng4 $11 {[%emt 0:00:05][%csl LRb2,LRe3] Black has an edge.} 9. Bc1 Qb6+ 10. Kh1 Ne3 11. Bxe3 Qxe3 12. Nc3 {[%emt 0:00:08] [#] Black must now prevent Nd5.} cxd3 (12... Qxf4 $2 13. Nd5 Qh6 14. Nc7+ Kd7 15. Nxa8 $18) 13. Bxd3 Qxe1 14. Raxe1 O-O 15. Rb1 Nb4 16. a3 Nxd3 17. cxd3 Be6 18. Ne2 Rfc8 19. Nfd4 (19. Kg1 $15) 19... Bg4 $17 20. h3 Bxe2 21. Nxe2 Rc2 22. Nc3 Bxc3 23. bxc3 Rxc3 {[%emt 0:00:04] aiming for ...b6.} 24. Rxb7 {[%emt 0:00:02][%mdl 4096] Endgame KRR-KRR} Kf8 $1 ({But not} 24... Rxa3 25. Rxe7 Rxd3 26. f5 $11) 25. d4 Rd3 26. f5 Rxd4 27. fxg6 hxg6 28. Re1 {[%emt 0:00:06] [#]} (28. Rf4 $142) 28... f6 $1 $19 29. Re3 a5 30. Rg3 Kf7 ({Inferior is} 30... Rxe4 31. Rxg6 Rc8 32. Rg3 $19) 31. Re3 Rc8 32. Ra7 Rc5 33. Kg1 Rd2 34. Rb3 Re5 35. Re3 Rg5 36. e5 (36. g4 $142 Rc5 37. Kf1) 36... Rgxg2+ {[%emt 0:00:17] Weighted Error Value: White=0.32/Black=0.06 (flawless)} 0-1

[Event "Portuguese Rapid-ch 2022"]
[Site "Viseu"]
[Date "2022.06.10"]
[Round "4.8"]
[White "Sismeiro, Miguel"]
[Black "Farias, David Nuno M E"]
[Result "1-0"]
[ECO "A48"]
[WhiteElo "2148"]
[BlackElo "1948"]
[Annotator "TA"]
[PlyCount "55"]
[EventDate "2022.06.09"]
[EventType "rapid"]
[EventCountry "POR"]
[SourceTitle "playchess.com"]
[Source "ChessBase"]
[SourceQuality "1"]
[TimeControl "600+5"]

1. d4 Nf6 2. Nf3 g6 3. Nc3 d5 4. Bf4 Bg7 5. e3 O-O 6. Be2 c5 7. dxc5 {[%emt 0:00:02] is now debated instead of 7.Ne5.} Qa5 8. O-O {[%emt 0:00:03] D00: 1 d4 d5: Unusual lines.} Qxc5 9. Nb5 {[%emt 0:00:01] Strongly threatening Nc7.} Na6 {[%emt 0:00:16] Inhibits Nc7.} 10. c3 {[%emt 0:00:04] White is slightly better.} Bd7 {[%emt 0:00:29] [#]} 11. a4 $146 ({Predecessor:} 11. Nbd4 Nc7 12. h3 Nb5 13. Rc1 Rac8 14. Nb3 Qb6 15. a4 Nd6 16. a5 Qc7 17. Be5 {0-1 (30) Clarke,B (1695)-Li,E (1658) Windsor 2016}) 11... Ne4 12. Ne5 Bc6 (12... Rad8 $11 {remains equal.}) 13. Nd4 $16 Nb8 14. a5 {[%emt 0:01:14] White is more active.} g5 $2 (14... a6 $14) 15. Nd3 $18 Qc4 {[%emt 0:00:54] [#]} 16. Bxb8 (16. Ne1 $1 Qc5 (16... Ba4 17. Rxa4) 17. Nb3) 16... Raxb8 17. a6 (17. f3 $142 Nf6 18. Nf5) 17... Nxc3 18. bxc3 Qxc3 19. axb7 Bxb7 20. Rxa7 e5 21. Nf5 e4 22. Nc1 Be5 23. Qb3 Qc7 24. g3 f6 (24... Kh8 {is a better defense.} 25. Rd1 Qc6) 25. Na2 {[%emt 0:00:33] White is clearly winning.} Rfd8 (25... Qd7 $142 26. Bg4 Kh8) 26. Rc1 Qd7 27. Bg4 Bc6 (27... Kh8 $142 28. Nh6 Qe7) 28. Rxd7 {Weighted Error Value: White=0.52/Black=1.01} 1-0